Map: Prion Terraces

Players

Bails

  • Race: Protoss Protoss

Hydra - Winner!

  • Race: Zerg Zerg

Event: DreamHack Open Tours WCS Spring Championship

VOD

https://youtu.be/rJiPnISKkUQ

Description

Time

  • Played on: May 14, 2016, 10:46 a.m.
  • Length: 9:13

All games in this series

Show
View Real Time Build Order
Export as new Build Order

Bails Protoss 

Build Orders: 1 Gate Expand 

Get SALT Encoding   

  12  0:00  Probe (Chrono Boost)  
  13  0:11  Probe (Chrono Boost)  
  14  0:18  Pylon  
  14  0:22  Probe (Chrono Boost)  
  15  0:37  Probe (Chrono Boost)  
  15  0:39  Gateway  
  16  0:47  Probe (Chrono Boost)  
  16  0:48  Assimilator  
  17  0:58  Probe (Chrono Boost)  
  18  1:08  Probe (Chrono Boost)  
  19  1:19  Probe (Chrono Boost)  
  20  1:26  Nexus  
  20  1:37  Cybernetics Core  
  20  1:40  Probe (Chrono Boost)  
  21  1:47  Assimilator  
  21  1:51  Probe (Chrono Boost)  
  22  1:55  Pylon  
  22  2:01  Probe (Chrono Boost)  
  22  2:06  Pylon  
  23  2:14  Adept (Chrono Boost)  
  25  2:16  Probe  
  25  2:20  Warp Gate  
  26  2:28  Probe (Chrono Boost)  
  27  2:36  Twilight Council  
  27  2:39  Probe (Chrono Boost)  
  28  2:45  Adept  
  28  2:48  Probe (Chrono Boost)  
  28  2:51  Probe (Chrono Boost)  
  33  2:58  Probe (Chrono Boost)  
  33  3:02  Probe (Chrono Boost), Gateway  
  34  3:09  Gateway  
  34  3:11  Probe (Chrono Boost)  
  35  3:13  Resonating Glaives (Chrono Boost)  
  36  3:23  Probe  
  36  3:26  Probe  
  36  3:27  Robotics Facility  
  37  3:35  Probe  
  37  3:37  Probe  
  39  3:45  Adept  
  39  3:47  Probe x2  
  42  3:51  Assimilator  
  42  3:54  Assimilator  
  43  3:59  Probe, Pylon, Mothership Core  
  46  4:07  Pylon  
  46  4:09  Probe  
  47  4:22  Adept x2  
  47  4:23  Warp Prism (Chrono Boost), Adept  
  55  4:27  Probe  
  55  4:28  Probe  
  57  4:39  Probe  
  57  4:41  Pylon  
  57  4:43  Adept  
  57  4:44  Adept x2  
  64  4:52  Nexus  
  64  4:53  Probe  
  68  5:00  Immortal (Chrono Boost)  
  68  5:03  Blink, Pylon  
  68  5:05  Sentry  
  70  5:10  Pylon  
  72  5:26  Nexus  
  70  5:33  Probe  
  71  5:38  Immortal (Chrono Boost)  
  71  5:39  Pylon  
  75  5:43  Pylon  
  75  5:44  Sentry  
  75  5:45  Sentry  
  75  5:46  Sentry  
  75  5:49  Probe  
  82  5:53  Probe  
  83  6:01  Probe  
  84  6:05  Probe  
  84  6:06  Pylon  
  85  6:12  Adept x3  
  85  6:13  Probe  
  85  6:17  Probe  
  93  6:22  Immortal (Chrono Boost)  
  93  6:25  Probe  
  98  6:29  Probe  
  99  6:35  Stalker  
  99  6:36  Sentry, Stalker  
  99  6:37  Probe x2  
  106  6:41  Probe  
  107  6:48  Probe  
  107  6:49  Probe  
  107  6:53  Pylon  
  107  6:54  Probe  
  110  6:57  Gateway  
  110  6:58  Probe, Gateway  
  111  7:07  Stalker x3  
  117  7:14  Observer (Chrono Boost)  
  118  7:18  Gateway  
  118  7:19  Gateway  
  118  7:22  Pylon  
  118  7:32  Probe  
  118  7:33  Immortal (Chrono Boost), Adept x3  
  118  7:34  Probe  
  118  7:36  Probe  
  130  7:43  Forge  
  132  7:44  Probe, Assimilator  
  132  7:46  Probe  
  132  7:49  Pylon, Assimilator  
  133  7:55  Stalker x2  
  137  8:08  Pylon  
  137  8:11  Stalker x3  
  137  8:24  Stalker x2  
  137  8:35  Stalker x2  
  137  8:38  Pylon x2  
  139  8:42  Pylon  
  139  8:46  Zealot x2, Probe  
  132  8:51  Cybernetics Core  
  132  8:52  Dark Shrine  
  132  8:53  Probe  
  99  9:03  Zealot x2  
Show
View Real Time Build Order
Export as new Build Order

Hydra Zerg - Winner!

Build Orders: Hatch First 

Get SALT Encoding   

  12  0:00  Drone  
  13  0:12  Overlord  
  13  0:17  Drone  
  14  0:30  Drone x2  
  14  0:34  Drone  
  17  0:50  Hatchery  
  17  0:54  Drone  
  17  0:57  Drone  
  18  1:06  Drone  
  18  1:08  Extractor  
  18  1:17  Spawning Pool  
  18  1:18  Drone  
  18  1:27  Drone  
  19  1:38  Drone  
  20  1:47  Hatchery  
  20  1:49  Drone  
  20  2:01  Drone  
  21  2:04  Drone  
  21  2:07  Queen  
  24  2:12  Metabolic Boost  
  24  2:16  Zergling x2  
  24  2:18  Drone  
  26  2:23  Overlord  
  26  2:26  Drone  
  27  2:32  Drone  
  28  2:41  Queen  
  28  2:43  Zergling x4  
  32  2:46  Drone  
  33  2:54  Pneumatized Carapace  
  33  2:55  Zergling x2  
  34  2:58  Queen  
  34  2:59  Drone  
  34  3:00  Drone  
  38  3:06  Overlord  
  38  3:09  Drone  
  38  3:11  Drone  
  40  3:15  Drone x2  
  40  3:17  Overlord  
  42  3:24  Drone  
  42  3:25  Drone  
  42  3:26  Drone x2  
  46  3:29  Drone  
  47  3:34  Queen  
  47  3:37  Drone  
  49  3:41  Drone x2  
  49  3:42  Drone  
  52  3:49  Roach Warren  
  52  3:54  Drone  
  52  3:55  Drone x2  
  54  3:56  Overlord x2  
  54  4:00  Spine Crawler, Drone  
  54  4:03  Spine Crawler  
  54  4:07  Overlord  
  54  4:09  Overlord  
  53  4:18  Lair  
  53  4:21  Zergling x18  
  61  4:29  Extractor  
  60  4:33  Overlord  
  60  4:41  Roach x3  
  60  4:42  Roach  
  60  4:43  Roach  
  60  4:44  Zergling x10  
  75  4:51  Drone x2  
  75  4:52  Zergling x6  
  80  4:55  Zergling x2  
  80  5:04  Evolution Chamber  
  80  5:06  Roach  
  80  5:07  Roach x5  
  90  5:20  Extractor, Drone  
  90  5:22  Extractor  
  90  5:28  Drone x3  
  92  5:29  Glial Reconstitution, Drone x3  
  92  5:30  Zergling x2  
  92  5:31  Zergling x2  
  97  5:37  Overlord x3  
  97  5:46  Extractor  
  97  5:48  Overseer  
  96  5:50  Overlord x2  
  96  5:57  Extractor  
  96  6:01  Zerg Missile Weapons Level 1  
  96  6:02  Drone x2  
  97  6:05  Drone  
  97  6:07  Drone x3, Hydralisk Den  
  97  6:11  Roach x6  
  105  6:17  Drone  
  105  6:18  Drone  
  113  6:22  Roach x4  
  119  6:29  Drone  
  119  6:30  Drone  
  121  6:34  Overlord x2  
  120  6:42  Drone x2, Muscular Augments  
  120  6:44  Drone  
  124  6:47  Drone x2  
  124  6:53  Hydralisk x7  
  139  6:55  Hatchery  
  139  6:58  Overlord  
  138  7:03  Hydralisk x2  
  142  7:10  Hydralisk x3  
  142  7:11  Hydralisk  
  148  7:23  Roach x4  
  148  7:24  Roach x2  
  159  7:31  Overlord  
  159  7:32  Overlord, Roach  
  160  7:45  Overlord  
  160  7:47  Ravager  
  160  7:48  Ravager  
  160  7:49  Overlord x2  
  163  7:51  Ravager x4  
  163  7:53  Zergling x22  
  177  8:02  Overlord  
  177  8:03  Overseer  
  177  8:05  Roach  
  179  8:06  Roach  
  172  8:23  Roach x8  
  172  8:24  Roach x3  
  186  8:34  Hydralisk  
  186  8:35  Hydralisk x3  
  190  8:44  Hydralisk x3  

Tags
 
Add a new tag
Caveats
  • Supply blocks, unpowered buildings, or Contaminate may cause inaccurate times.
  • Supply counts are checked every 10 seconds.